 Dungeon Crawl Stone Soup version 0.32-a0-933-ga8fa3634e4 (webtiles) character file.

Game seed: 3041028261673236995

3700 jasper the Cleaver (level 9, 0/81 HPs)
             Began as a Mountain Dwarf Fighter on Apr 14, 2024.
             Killed from afar by a gargoyle (29 damage)
             ... with a stone arrow
             ... on level 8 of the Dungeon.
             The game lasted 00:11:51 (7195 turns).

jasper the Cleaver (Mountain Dwarf Fighter)         Turns: 7195, Time: 00:11:51

Health: 0/81       AC: 22    Str: 22    XL:     9   Next: 91%
Magic:  9/9        EV:  7    Int: 10    God:
Gold:   119        SH: 10    Dex:  9    Spells: 8/8 levels left

rFire   . . .        y - +1 broad axe (flame)
rCold   . . .        c - +0 buckler
rNeg    . . .        d - +0 chain mail
rPois   +            j - +0 helmet
rElec   .            p - +2 cloak {rPois}
rCorr   .            m - +0 pair of gloves {hurl}
SInv    .            u - +0 pair of boots
Will    .....        h - amulet of reflection Stlth
                     t - +4 ring of protection
HPRegen 0.33/turn    (no ring)
MPRegen 0.11/turn

%: reflection
@: no status effects
A: runic magic, artefact enchanting
a: no special abilities


You were on level 8 of the Dungeon.
You visited 1 branch of the dungeon, and saw 8 of its levels.

You collected 474 gold pieces.
You spent 355 gold pieces at shops.

Inventory:

Hand Weapons
 a - a +1 war axe
 k - a +2 mace of draining
 v - a +0 eveningstar
 y - a +1 broad axe of flaming (weapon)
Missiles
 i - 35 stones (quivered)
Armour
 c - a +0 buckler (worn)
 d - a +0 chain mail (worn)
 j - a +0 helmet (worn)
 m - a +0 pair of gloves of hurling (worn)
 p - a +2 cloak of poison resistance (worn)
 u - a +0 pair of boots (worn)
 z - a +0 troll leather armour
Jewellery
 e - a +6 ring of intelligence
 h - an amulet of reflection (around neck)
 t - a +4 ring of protection (left hand)
Wands
 r - a wand of flame (5)
 A - a wand of acid (6)
Scrolls
 b - a scroll of teleportation
 g - a scroll of fear
 o - 2 scrolls of revelation
 w - 3 scrolls of immolation
 B - a scroll of identify
Potions
 f - 3 potions of mutation
 l - 2 potions of degeneration
 n - a potion of cancellation {unknown}
 q - 2 potions of resistance {unknown}
 s - 5 potions of curing
 x - a potion of berserk rage {unknown}


   Skills:
 + Level 7.8 Fighting
 * Level 11.0 Axes
 + Level 7.7 Armour
 + Level 7.7 Shields


You had 8 spell levels left.
You didn't know any spells.
Your spell library contained the following spells:

 Spells                   Type           Power      Damage    Failure   Level
 Apportation              Tloc           0%         N/A       56%         1
 Necrotise                Necr           0%         1d4       56%         1
 Sting                    Conj/Alch      0%         1d3       56%         1
 Summon Small Mammal      Summ           0%         N/A       56%         1
 Call Imp                 Summ           0%         N/A       71%         2
 Ensorcelled Hibernation  Hex/Ice        0%         N/A       71%         2
 Sublimation of Blood     Necr           0%         N/A       71%         2
 Passwall                 Erth           0%         N/A       90%         3
 Sigil of Binding         Hex            0%         N/A       90%         3
 Swiftness                Air            0%         N/A       90%         3
 Tukima's Dance           Hex            0%         N/A       90%         3
 Brom's Barrelling Bould  Conj/Erth      0%         2d3       100%        4
 Dimensional Bullseye     Hex/Tloc       0%         N/A       100%        4
 Iskenderun's Mystic Bla Conj/Tloc 0%             2d3        (+2d1     100%        4
 Fireball                 Conj/Fire      0%         3d3       100%        5
 Iskenderun's Battlesphe  Conj           0%         2d6       100%        5
 Conjure Ball Lightning   Conj/Air       0%         3x3d6     100%        6
 Death Channel            Necr           0%         N/A       100%        6
 Sculpt Simulacrum        Ice/Alch       0%         N/A       100%        6
 Orb of Destruction       Conj           0%         9d5       100%        7
 Summon Hydra             Summ           0%         N/A       100%        7


Dungeon Overview and Level Annotations

Branches:
Dungeon (8/15)
 Temple: D:4-7         Lair: D:8-11

Altars:
Qazlal

Shops:
D:5 *   D:8 (

Annotations:
D:5 3 runed translucent doors, gamers12's ghost, amateur MDFi
D:6 1 runed translucent door, ForkInBrain's ghost, novice MfRe


Innate Abilities, Weirdness & Mutations

Your spellcasting is much less encumbered by armour.
You can use scrolls of enchantment on lesser artefacts.


Message History

The stone arrow hits you!
You take 11 damage, and have 70/81 hp.
You hit the gargoyle but do no damage.
The gargoyle is moderately damaged.
The gargoyle hits you with a +5 quarterstaff.
You take 2 damage, and have 68/81 hp.
You hit the gargoyle but do no damage.
The gargoyle is moderately damaged.
The gargoyle hurls a stone arrow at you.
The stone arrow hits you!
You take 9 damage, and have 59/81 hp.
You slash the gargoyle! You burn the gargoyle.
The gargoyle is severely damaged.
You block the gargoyle's attack.
You barely miss the gargoyle.
The gargoyle is severely damaged.
You block the gargoyle's attack.
You hit the gargoyle but do no damage.
The gargoyle is severely damaged.
The gargoyle hurls a stone arrow at you.
The stone arrow hits you.
You take 5 damage, and have 55/81 hp.
You hit the gargoyle. You burn the gargoyle.
The gargoyle is severely damaged.
The gargoyle hits you with a +5 quarterstaff!
You take 11 damage, and have 44/81 hp.
You barely miss the gargoyle.
The gargoyle is severely damaged.
The gargoyle hurls a stone arrow at you.
The stone arrow hits you.
You take 3 damage, and have 41/81 hp.
You hit the gargoyle but do no damage.
The gargoyle is severely damaged.
The gargoyle hits you with a +5 quarterstaff!
You take 12 damage, and have 29/81 hp.
You hit the gargoyle but do no damage.
The gargoyle is severely damaged.
The gargoyle hurls a stone arrow at you.
The stone arrow hits you!!
You die...

##....##. +###### ####...
####..# ......# #...... ##.##
.....###...... #####..#
............## #......#
..........### #.))...#.
##§........#
#).#####..§#######§..##.....#
#..# ..§.§§§§§§§§.##.....#
#..# #§§§§9@§§§)###.....#
##..# ..§§§§§§§§§.......##...
....#
###..§#######§)..>......#.
...## #.#.
#.#.=.##.......#### ...# ##.#
#.#...##.......# ...# #..#
#.#.....[##....# ...#
#..#####<#.....!.....##
†..###....'..##...........#
...##.....#####........####


You could see a gargoyle.

Vanquished Creatures
  Pikel (D:5)
  A troll (D:8)
  Sigmund (D:5)
  A steam dragon (D:8)
  2 acid dragons
  A water moccasin (D:7)
  2 orc warriors (D:6)
  2 ice beasts
  2 ogres (D:6)
  A lemure (D:4)
  3 phantoms (D:5)
  A kobold brigand (D:5)
  A bullfrog (D:6)
  6 scorpions
  4 wights (D:8)
  2 quasits (D:6)
  3 hounds
  A jelly (D:6)
  2 orc priests
  A bombardier beetle (D:6)
  Crazy Yiuf (D:2)
  An iguana (D:5)
  A sleepcap (D:5)
  11 orc wizards
  Robin (D:2)
  4 gnolls (D:2)
  10 adders
  2 shadow imps (D:6)
  3 white imps
  2 ufetubi (D:6)
  A dart slug (D:2)
  2 ribbon worms (D:2)
  31 orcs
  4 endoplasms
  3 giant cockroaches
  7 hobgoblins
  A quokka (D:3)
  5 ball pythons
  9 bats
  2 frilled lizards
  12 goblins
  10 kobolds
  4 rats
165 creatures vanquished.

Vanquished Creatures (others)
  A sky beast (D:7)
1 creature vanquished.

Grand Total: 166 creatures vanquished

Notes
Turn   | Place    | Note
-------+----------+-------------------------------------------
     0 | D:1      | jasper the Mountain Dwarf Fighter began the quest for the
                  | Orb.
     0 | D:1      | Reached XP level 1. HP: 19/19 MP: 1/1
   152 | D:1      | Reached XP level 2. HP: 26/26 MP: 2/2
   522 | D:1      | Reached skill level 3 in Axes
  1083 | D:2      | Reached XP level 3. HP: 29/31 MP: 3/3
  1108 | D:2      | Noticed Robin
  1120 | D:2      | Killed Robin
  1345 | D:2      | Reached XP level 4. HP: 24/40 MP: 4/4
  1450 | D:2      | Reached skill level 4 in Axes
  1507 | D:2      | Found a runed translucent door.
  1508 | D:2      | Noticed Crazy Yiuf
  2042 | D:2      | Killed Crazy Yiuf
  2043 | D:2      | Reached XP level 5. HP: 29/46 MP: 5/5
  2480 | D:3      | Reached skill level 5 in Axes
  3072 | D:4      | Reached XP level 6. HP: 51/53 MP: 6/6
  3558 | D:5      | Entered Level 5 of the Dungeon
  3558 | D:5      | Noticed Pikel
  3870 | D:5      | Reached skill level 6 in Axes
  3905 | D:5      | Noticed Sigmund
  3913 | D:5      | Killed Sigmund
  3914 | D:5      | Reached skill level 5 in Fighting
  3914 | D:5      | Reached skill level 5 in Armour
  3914 | D:5      | Reached skill level 5 in Shields
  3914 | D:5      | Reached XP level 7. HP: 61/61 MP: 7/7
  3934 | D:5      | Found Nuuqod's Assorted Antiques.
  4001 | D:5      | Killed Pikel
  4002 | D:5      | Reached skill level 7 in Axes
  4002 | D:5      | Reached XP level 8. HP: 70/70 MP: 8/8
  4024 | D:5      | Bought a pair of boots for 144 gold pieces
  4024 | D:5      | Bought a scroll labelled LOSOUD KILICIU for 32 gold pieces
  4024 | D:5      | Bought a scroll labelled CURRIY SICSOU for 32 gold pieces
  4034 | D:5      | Found a runed translucent gate.
  4047 | D:5      | Found a runed translucent gate.
  4092 | D:5      | Found a runed translucent gate.
  4094 | D:5      | Noticed gamers12's ghost (amateur MDFi)
  4192 | D:5      | Reached skill level 8 in Axes
  5216 | D:6      | Reached skill level 9 in Axes
  5303 | D:6      | Reached XP level 9. HP: 78/78 MP: 9/9
  5692 | D:6      | Found a stormy altar of Qazlal.
  5865 | D:6      | Found a runed translucent door.
  5866 | D:6      | Noticed ForkInBrain's ghost (novice MfRe)
  5866 | D:6      | Noticed a cyclops
  6136 | D:7      | Reached skill level 10 in Axes
  6820 | D:8      | Found Gelumubi's Hydra Hut.
  6821 | D:8      | Noticed a six-headed hydra
  6828 | D:8      | Bought a +0 broad axe of flaming for 147 gold pieces
  6942 | D:8      | Noticed a troll
  6955 | D:8      | Killed a troll
  7081 | D:8      | Reached skill level 11 in Axes
  7096 | D:8      | Noticed a gargoyle
  7195 | D:8      | Killed from afar by a gargoyle

Illustrated notes

Levels and vault maps discovered:
D:1:      wheals_arrival_linesprint, layout_loops_cross, serial_forest,
          infiniplex_forest_lined_2, infiniplex_forest_clump_long,
          infiniplex_forest_lined_3_way, infiniplex_forest_corner_1,
          infiniplex_forest_clump_diagonal, infiniplex_forest_clump_long,
          infiniplex_forest_clump_diagonal
D:2:      layout_basic, grunt_ministairs_14, minmay_split_cup_small, uniq_robin,
          uniq_crazy_yiuf_cottage
D:3:      layout_basic
D:4:      layout_basic, zin_statuary, minmay_temple_entry_grid, uniq_menkaure
D:5:      layout_layer_cave, serial_glass, glass_columns_a, glass_columns_a,
          serial_shops, nicolae_shop_tiny_glass, gammafunk_ghost_split,
          uniq_sigmund, uniq_pikel
D:6:      layout_loops_ring, mainiacjoe_overflow_24_doors,
          ebering_ghost_inner_flame, serial_demonic, serial_demonic_g,
          serial_demonic_b, serial_demonic_b, serial_demonic_g
D:7:      layout_loops_ring, kennysheep_nondescript
D:8:      layout_basic, beargit_hepliaklqana_dungeon_heroes,
          doesnt_shop_hydraphobe

Skill      XL: |  1  2  3  4  5  6  7  8  9 |
---------------+----------------------------+-----
Axes           | 3 4 5 6 7 9 11 | 11.0
Fighting       | 4 5 6 7 |  7.8
Shields        | 4 5 6 7 |  7.7
Armour         | 4 5 6 7 |  7.7

Action                     |  1- 3 |  4- 6 |  7- 9 || total
---------------------------+-------+-------+-------++-------
  Melee: War axe           |   132 |   183 |   258 ||   573
         Broad axe         |       |       |    43 ||    43
  Throw: Stone             |       |     7 |     3 ||    10
         Dart              |       |       |     1 ||     1
    Use: Scroll            |     5 |     6 |     4 ||    15
         Potion            |       |     2 |     1 ||     3
   Stab: Invisible         |       |     1 |       ||     1
 Armour: Scale mail        |   125 |   123 |   111 ||   359
         Chain mail        |       |       |   132 ||   132
  Dodge: Dodged            |    65 |    67 |    68 ||   200
  Block: Buckler           |    31 |    49 |   162 ||   242
         Reflection        |       |       |     4 ||     4

Table legend: (Time is in decaauts)
 A = Elapsed time spent in this place.
 B = Non-inter-level travel time spent in this place.
 C = Inter-level travel time spent in this place.
 D = Time resting spent in this place.
 E = Time spent auto-exploring this place.
 F = Levels seen in this place.
 G = Mean time per level.
                   A        B        C        D        E       F      G
               +--------+--------+--------+--------+--------+-----+--------+
         Total |   7327 |   7068 |    259 |    521 |   5027 |   8 |  915.9 |
       Dungeon |   7327 |   7068 |    259 |    521 |   5027 |   8 |  915.9 |
               +--------+--------+--------+--------+--------+-----+--------+

Top non-repeatable levels by time:
     D:5: 1390 daAuts
     D:2: 1208 daAuts
     D:6: 989 daAuts
     D:1: 984 daAuts
     D:3: 892 daAuts
     D:4: 716 daAuts
     D:7: 683 daAuts
     D:8: 462 daAuts
